[Event "Late-Titled-Tuesday-Blitz-June-25-2024"]
[Site "Chess.com"]
[Date "2024.06.25"]
[Round "5"]
[White "MITerryble"]
[Black "Jospem"]
[Result "1/2-1/2"]
[WhiteElo "2980"]
[BlackElo "3050"]
[TimeControl "180+1"]
[EndTime "14:50:24 PDT"]
[Termination "Game drawn by repetition"]

1. b3 Nf6 2. Bb2 d5 3. e3 e6 4. f4 Bd6 5. Nf3 O-O 6. Be2 c5 7. O-O Nc6 8. Ne5 Bxe5 9. fxe5 Nd7 10. d4 Qg5 11. Rf3 f6 12. Rg3 Qh6 13. Rh3 Qg5 14. Rg3 Qh6 15. Rh3 Qg5 16. Rg3 1/2-1/2

[Event "Late-Titled-Tuesday-Blitz-June-25-2024"]
[Site "Chess.com"]
[Date "2024.06.25"]
[Round "5"]
[White "RandomNoob04"]
[Black "zverr1"]
[Result "1-0"]
[WhiteElo "2806"]
[BlackElo "2564"]
[TimeControl "180+1"]
[EndTime "14:50:26 PDT"]
[Termination "RandomNoob04 won by resignation"]

1. e4 c5 2. d4 cxd4 3. c3 dxc3 4.
Nxc3 e6 5. Nf3 a6 6. Bc4 b5 7. Bb3 Bb7 8. O-O Ne7 9. Re1 Ng6 10. Nd5 Be7 11. Nxe7 Qxe7 12. Bg5 f6 13. Be3 O-O 14. Rc1 d6 15. Nd4 Re8 16. Nxe6 Kh8 17. Rc7 Bxe4 18. Rxe7 Nxe7 19. Nc7 Nbc6 20. Nxa8 Rxa8 21. Qxd6 a5 22. Bc5 a4 23. Bf7 h6 24. Rxe4 Rd8 25. Qxd8+ Nxd8 26. Rxe7 Kh7 27. Bd5 1-0

[Event "Late-Titled-Tuesday-Blitz-June-25-2024"]
[Site "Chess.com"]
[Date "2024.06.25"]
[Round "5"]
[White "jbking07"]
[Black "katharinareinecke"]
[Result "1-0"]
[WhiteElo "2400"]
[BlackElo "2050"]
[TimeControl "180+1"]
[EndTime "14:50:26 PDT"]
[Termination "jbking07 won by resignation"]

1. e4 c6 2. d4 d5 3. f3 dxe4 4. fxe4 e5 5. Nf3 Bg4 6. Bc4 Bd6 7. O-O Ne7 8. Bxf7+ Kd7 9. Nxe5+ Bxe5 10. Qxg4+ Kc7 11.
dxe5 Qd4+ 12. Kh1 h5 13. Qxg7 Nd7 14. Be6 Rag8 15. Qxe7 Qxe4 16. Qd6+ Kb6 17. Bxg8 Rxg8 18. Qd2 Nxe5 19. Qe3+ 1-0

[Event "Late-Titled-Tuesday-Blitz-June-25-2024"]
[Site "Chess.com"]
[Date "2024.06.25"]
[Round "5"]
[White "jcibarra"]
[Black "djano"]
[Result "1-0"]
[WhiteElo "2921"]
[BlackElo "2575"]
[TimeControl "180+1"]
[EndTime "14:50:41 PDT"]
[Termination "jcibarra won by resignation"]

1. e4 c5 2. Nf3 g6 3. c3 d5 4.
exd5 Qxd5 5. Na3 Bg7 6. d4 cxd4 7. Bc4 Qe4+ 8. Be3 Nh6 9. Nb5 O-O 10. cxd4 Nf5 11. Qe2 Nc6 12. Nc3 Qg4 13. h3 Nxe3 14.
hxg4 Nxg2+ 15. Kf1 Nf4 16. Qe3 e5 17. Nxe5 Nxe5 18.
dxe5 g5 19. Qe4 h6 20. Nd5 1-0

[Event "Late-Titled-Tuesday-Blitz-June-25-2024"]
[Site "Chess.com"]
[Date "2024.06.25"]
[Round "5"]
[White "enriquebutti"]
[Black "Chempiblinka"]
[Result "1-0"]
[WhiteElo "2201"]
[BlackElo "2395"]
[TimeControl "180+1"]
[EndTime "14:50:44 PDT"]
[Termination "enriquebutti won by resignation"]

1. e4 e5 2. Nf3 Nc6 3. Bb5 Nge7 4.
c3 g6 5. d4 exd4 6. cxd4 d5 7.
exd5 Qxd5 8. Nc3 Qe6+ 9. Be3 Nd5 10. O-O Bd7 11. Bg5 Be7 12. Re1 Qd6 13. Nxd5 Qxd5 14. Bxc6 Bxc6 15. Bxe7 Kd7 16. Bf6 Rhe8 17. Qb3 1-0

[Event "Late-Titled-Tuesday-Blitz-June-25-2024"]
[Site "Chess.com"]
[Date "2024.06.25"]
[Round "5"]
[White "Alex_Sahakyan2006"]
[Black "chess_cryptoworld"]
[Result "1-0"]
[WhiteElo "2735"]
[BlackElo "2478"]
[TimeControl "180+1"]
[EndTime "14:51:10 PDT"]
[Termination "Alex_Sahakyan2006 won by resignation"]

1. e4 e5 2. Nf3 Nc6 3. Nc3 Nf6 4.
Bb5 Nd4 5. Bc4 Bc5 6. d3 d6 7. h3 Be6 8. Bb3 Nxb3 9. axb3 a6 10. Be3 Bxe3 11. fxe3 O-O 12. O-O Nd7 13. Qe1 f5 14. exf5 Bxf5 15. e4 Be6 16. Qg3 h6 17.
Nh4 Qg5 18. Qxg5 hxg5 19. Nf3 g4 20. Ng5 Rxf1+ 21. Rxf1 Re8 22. Nxe6 Rxe6 23. hxg4 Rg6 24. Nd5 Rxg4 25. Nxc7 Nf6 26. Ne6 Nh5 27. Rf8+ Kh7 28.
Rd8 Kh6 29. Rxd6 Rg6 30. Nd8 Rxd6 31. Nf7+ Kg6 32. Nxd6 Nf4 33. Nxb7 1-0

[Event "Late-Titled-Tuesday-Blitz-June-25-2024"]
[Site "Chess.com"]
[Date "2024.06.25"]
[Round "5"]
[White "Sic_Transit_GM"]
[Black "Statham_01"]
[Result "0-1"]
[WhiteElo "2534"]
[BlackElo "2715"]
[TimeControl "180+1"]
[EndTime "14:51:20 PDT"]
[Termination "Statham_01 won by resignation"]

1. e4 e5 2. Nc3 Nf6 3. Nf3 Nc6 4.
d4 exd4 5. Nxd4 Nxe4 6. Nxe4 Qe7 7. Nxc6 Qxe4+ 8. Be2 dxc6 9. O-O Be6 10. Bg5 Qd5 11. Qc1 h6 12. Bh4 Qe4 13. f4 Qxe2 14. f5 Bd5 15. Bf2 Qg4 16. Qe3+ Be7 17. Bg3 Qe4 18. Qf2 Bc5 0-1

[Event "Late-Titled-Tuesday-Blitz-June-25-2024"]
[Site "Chess.com"]
[Date "2024.06.25"]
[Round "5"]
[White "Bob_2004"]
[Black "Pitomina"]
[Result "0-1"]
[WhiteElo "2734"]
[BlackElo "2553"]
[TimeControl "180+1"]
[EndTime "14:51:23 PDT"]
[Termination "Pitomina won by resignation"]

1. d4 d5 2. c4 Bf5 3. cxd5 Bxb1 4.
Qa4+ c6 5. dxc6 Nxc6 6. Rxb1 Qxd4 7. Qxd4 Nxd4 8. a3 g6 9. e3 Nc6 10. f3 Bg7 11. Bb5 Rc8 12. Ne2 a6 13. Ba4 e6 14.
e4 Ne7 15. Be3 O-O 16. Bb6 Ne5 17. O-O Nc4 18. Bf2 b5 19. Bb3 Nd2 20. Ba2 Rfd8 21.
Bh4 Kf8 22. Rfd1 Nxb1 23. Rxb1 Rd2 0-1

[Event "Late-Titled-Tuesday-Blitz-June-25-2024"]
[Site "Chess.com"]
[Date "2024.06.25"]
[Round "5"]
[White "Snowball-03"]
[Black "schondeln"]
[Result "1-0"]
[WhiteElo "2636"]
[BlackElo "2379"]
[TimeControl "180+1"]
[EndTime "14:51:29 PDT"]
[Termination "Snowball-03 won by resignation"]

1. d4 d5 2. Bg5 c6 3. Nf3 Bf5 4. e3 Nd7 5. c4 Ngf6 6. Nc3 e6 7. Qb3 Qb6 8. c5 Qxb3 9. axb3 a6 10. b4 Rc8 11.
Nd2 Be7 12. Nb3 Bd8 13. Na5 Bxa5 14. bxa5 e5 15. f3 h6 16. Bh4 O-O 17. Kd2 Rfe8 18. Ra4 exd4 19. exd4 g5 20. Bg3 Nf8 21. Rb4 Re7 22.
Bd3 Bxd3 23. Kxd3 Rce8 24. Bd6 Rd7 25. Ra1 Ne6 26. g3 Nd8 27. Na4 Ne6 28. Ra3 Nd8 29.
Nb6 Re6 30. Nxd7 Nxd7 31. Bc7 Re8 32. Bxd8 Rxd8 33. Rxb7 Nxc5+ 34. dxc5 1-0

[Event "Late-Titled-Tuesday-Blitz-June-25-2024"]
[Site "Chess.com"]
[Date "2024.06.25"]
[Round "5"]
[White "Slovak_fighter2000"]
[Black "Raja3401"]
[Result "0-1"]
[WhiteElo "2516"]
[BlackElo "2775"]
[TimeControl "180+1"]
[EndTime "14:51:30 PDT"]
[Termination "Raja3401 won by resignation"]

1. d4 Nf6 2. Nf3 d5 3. c4 e6 4. Nc3 Be7 5. g3 O-O 6. Bg2 Nbd7 7. cxd5 exd5 8. O-O c6 9. Bf4 Re8 10. Ne5 Nf8 11. Nd3 Ng6 12. Bg5 Bg4 13. h3 Bf5 14. e3 Ne4 15. Bxe7 Qxe7 16. Nxe4 Bxe4 17. Bxe4 dxe4 18. Nc5 Rad8 19. Qg4 Rd5 20. Rac1 h5 21. Qe2 Rg5 22. Kh2 Qc7 23. Rg1 Nh4 24. Kh1 Qc8 25. Kh2 Nf3+ 26. Kg2 h4 27. g4 Rxg4+ 0-1

[Event "Late-Titled-Tuesday-Blitz-June-25-2024"]
[Site "Chess.com"]
[Date "2024.06.25"]
[Round "5"]
[White "glucolisis04"]
[Black "Kildepiotr"]
[Result "0-1"]
[WhiteElo "2292"]
[BlackElo "2703"]
[TimeControl "180+1"]
[EndTime "14:51:36 PDT"]
[Termination "Kildepiotr won by resignation"]

1. d4 c5 2. d5 e5 3. c4 d6 4.
Nc3 Be7 5. e4 Bg5 6. Nf3 Bxc1 7.
Rxc1 Ne7 8. Be2 O-O 9. O-O Ng6 10. Re1 Nf4 11. Bf1 f5 12. a3 Nd7 13. exf5 Nf6 14. b4 b6 15. bxc5 bxc5 16. Ng5 Bxf5 17. g3 h6 18. Nge4 Nxe4 19. Nxe4 Nh3+ 20. Bxh3 Bxh3 21. Qh5 Bf5 22. Qe2 Rb8 23. Rb1 Qd7 24.
Rb2 Bg4 25. Qd2 Bf3 26. Rxb8 Qh3 27. Rxf8+ Kxf8 0-1

[Event "Late-Titled-Tuesday-Blitz-June-25-2024"]
[Site "Chess.com"]
[Date "2024.06.25"]
[Round "5"]
[White "JEHUBNER"]
[Black "JavierRuizVazquez"]
[Result "0-1"]
[WhiteElo "1985"]
[BlackElo "2390"]
[TimeControl "180+1"]
[EndTime "14:51:37 PDT"]
[Termination "JavierRuizVazquez won by resignation"]

1. e4 c6 2. d4 d5 3. Nc3 dxe4 4.
Nxe4 Nf6 5. Nc3 g6 6. Nf3 Bg7 7.
Be2 O-O 8. O-O Qd6 9. Be3 Rd8 10. Nd2 e5 11. Nc4 Qe7 12. Nxe5 c5 13. Nf3 Bg4 14.
d5 Na6 15. h3 Bf5 16. Bxa6 bxa6 17. Qe1 Rab8 18. Na4 Rxd5 19. Qa5 Bxc2 20. Qxa6 Bd3 21. Qc6 Bb5 22. Rab1 Bxc6 0-1

[Event "Late-Titled-Tuesday-Blitz-June-25-2024"]
[Site "Chess.com"]
[Date "2024.06.25"]
[Round "5"]
[White "HamedWafa4"]
[Black "tgpgoat"]
[Result "1-0"]
[WhiteElo "2769"]
[BlackElo "2514"]
[TimeControl "180+1"]
[EndTime "14:51:38 PDT"]
[Termination "HamedWafa4 won by resignation"]

1. e4 c5 2. Nc3 Nc6 3. Nf3 e6 4. d4 cxd4 5. Nxd4 Qc7 6. g3 Nf6 7. Bg2 a6 8. O-O Nxd4 9. Qxd4 Bc5 10. Bf4 d6 11. Qd2 h6 12. Rad1 e5 13. Be3 Bb4 14. a3 Bxc3 15. Qxc3 Qxc3 16. bxc3 Be6 17. Rxd6 Rc8 18. Rb1 Rxc3 19. Rxb7 O-O 20. Rxa6 Rxc2 21. h3 Rc4 22. Rb4 Rfc8 23. Rab6 Rc3 24. a4 Ra3 25. Rb8 Kh7 26. Rxc8 Bxc8 27. Bb6 Ra1+ 28. Kh2 Ra2 29. a5 Rxf2 30. Bxf2 1-0

[Event "Late-Titled-Tuesday-Blitz-June-25-2024"]
[Site "Chess.com"]
[Date "2024.06.25"]
[Round "5"]
[White "LUISMIGUELOV"]
[Black "szachmistrz2500"]
[Result "0-1"]
[WhiteElo "2231"]
[BlackElo "2464"]
[TimeControl "180+1"]
[EndTime "14:51:39 PDT"]
[Termination "szachmistrz2500 won by resignation"]

1. e4 c6 2. d4 d5 3. Nd2 dxe4 4.
Nxe4 Nd7 5. Bd3 Ngf6 6. Qe2 Nxe4 7. Bxe4 Nf6 8. c3 Nxe4 9. Qxe4 Qd5 10. Qxd5 cxd5 11.
Bf4 Bf5 12. Ne2 e6 13. f3 h5 14. Kf2 Kd7 15. Rhe1 Be7 16. h3 h4 17. Be5 f6 18.
Bf4 g5 19. Bh2 Rhc8 20. Rad1 b5 21. a3 a5 22. Rc1 b4 23. cxb4 axb4 24. Rxc8 Rxc8 25.
a4 b3 26. Nc3 Rxc3 27. bxc3 b2 28. a5 Kc6 29. a6 Kb6 30. c4 dxc4 31. d5 Bc5+ 32.
Kf1 Bd3+ 0-1

[Event "Late-Titled-Tuesday-Blitz-June-25-2024"]
[Site "Chess.com"]
[Date "2024.06.25"]
[Round "5"]
[White "Mikhail_Golubev"]
[Black "HeroWilczek"]
[Result "1-0"]
[WhiteElo "2650"]
[BlackElo "2462"]
[TimeControl "180+1"]
[EndTime "14:51:40 PDT"]
[Termination "Mikhail_Golubev won by resignation"]

1. e4 e6 2. d4 d5 3. e5 c5 4. c3 Nc6 5. Nf3 Qb6 6. Bd3 Bd7 7. O-O cxd4 8. Nbd2 dxc3 9. bxc3 Nge7 10. Re1 Ng6 11. Nb3 a5 12. Rb1 Qc7 13. Qe2 a4 14. Nbd4 Nxd4 15. cxd4 Be7 16. h4 Nxh4 17. Nxh4 Bxh4 18. Qg4 Be7 19. Qxg7 Rf8 20. Bg5 Bc6 21. Rec1 Bxg5 22. Qxg5 Qe7 23. Qd2 Rg8 24. Bb5 Rc8 25. Bxa4 Qg5 26.
Qxg5 Rxg5 27. Rxb7 1-0

[Event "Late-Titled-Tuesday-Blitz-June-25-2024"]
[Site "Chess.com"]
[Date "2024.06.25"]
[Round "5"]
[White "MagnusCarlsen"]
[Black "Stanbad1"]
[Result "1-0"]
[WhiteElo "3166"]
[BlackElo "2736"]
[TimeControl "180+1"]
[EndTime "14:51:44 PDT"]
[Termination "MagnusCarlsen won by resignation"]

1. e4 e6 2. d4 d5 3. Nc3 Nf6 4. Qd3 dxe4 5. Nxe4 Nbd7 6. Nf3 Nxe4 7. Qxe4 Nf6 8. Qh4 Be7 9. Bd3 a6 10. Bg5 h6 11.
O-O-O b5 12. Be4 Nxe4 13. Bxe7 Qxe7 14. Qxe4 Rb8 15. Qc6+ Qd7 16. d5 Rb6 17. Qxd7+ Bxd7 18. Rhe1 Ke7 19. Ne5 Rd8 20. b4 Rd6 21. dxe6 Bxe6 22.
Rxd6 Rxd6 23. a3 Kf6 24. Nd3 a5 25. Nc5 axb4 26. Ne4+ Ke7 27. Nxd6 Kxd6 28. axb4 Bd5 29. g3 c6 30. Kd2 f5 31. Kc3 g5 32. Kd4 Bg2 33.
Re8 Bd5 34. Rh8 1-0

[Event "Late-Titled-Tuesday-Blitz-June-25-2024"]
[Site "Chess.com"]
[Date "2024.06.25"]
[Round "5"]
[White "Brown_Mamba24"]
[Black "carloseduar100"]
[Result "1-0"]
[WhiteElo "2549"]
[BlackElo "2278"]
[TimeControl "180+1"]
[EndTime "14:51:49 PDT"]
[Termination "Brown_Mamba24 won by checkmate"]

1. d4 d5 2. Nf3 e6 3. c4 a6 4. g3 Nf6 5. Bg2 dxc4 6. O-O b5 7. Ne5 Ra7 8. a4 b4 9. Nxc4 Bb7 10. f3 Nbd7 11. e4 a5 12. Be3 c5 13.
Nbd2 cxd4 14. Bxd4 Bc5 15. Nb3 Bxd4+ 16. Qxd4 Ra8 17.
Nd6+ Ke7 18. Nxb7 Qc7 19. N7c5 Nb6 20. Rac1 Rhd8 21. Nxe6 Qxc1 22. Rxc1 Rxd4 23. Nexd4 Nxa4 24. Nxa5 Nxb2 25. Rc7+ Ke8 26. Nb7 Nd3 27. Bf1 Ne5 28.
f4 Neg4 29. Nd6+ Kf8 30. Rxf7+ Kg8 31. Ne6 h5 32. Rxg7+ Kh8 33. Nf7# 1-0

[Event "Late-Titled-Tuesday-Blitz-June-25-2024"]
[Site "Chess.com"]
[Date "2024.06.25"]
[Round "5"]
[White "Denmark2015"]
[Black "sari07"]
[Result "1-0"]
[WhiteElo "2616"]
[BlackElo "2363"]
[TimeControl "180+1"]
[EndTime "14:51:50 PDT"]
[Termination "Denmark2015 won by resignation"]

1. d4 Nf6 2. c4 c6 3. Nf3 d5 4. Nc3 dxc4 5. e4 e6 6. Bxc4 Bb4 7. Qc2 O-O 8. O-O h6 9. a3 Be7 10. h3 b5 11. Ba2 a6 12. Be3 Bb7 13. Rfd1 Nbd7 14.
Rac1 Qc7 15. e5 Nd5 16. Nxd5 exd5 17. Bxd5 Rac8 18. e6 fxe6 19. Bxe6+ Kh8 20. Bxd7 Rxf3 21. Bxc8 Qxc8 22. gxf3 Qxh3 23. Qe4 Bd6 24. Bf4 c5 25. d5 1-0

[Event "Late-Titled-Tuesday-Blitz-June-25-2024"]
[Site "Chess.com"]
[Date "2024.06.25"]
[Round "5"]
[White "Connectedcloud"]
[Black "AGW2016"]
[Result "0-1"]
[WhiteElo "2323"]
[BlackElo "2552"]
[TimeControl "180+1"]
[EndTime "14:51:55 PDT"]
[Termination "AGW2016 won by resignation"]

1. Nf3 Nf6 2. c4 g6 3. Nc3 Bg7 4. e4 d6 5. d4 O-O 6. Be2 e5 7. O-O Na6 8. Be3 Qe7 9. Re1 Bg4 10. d5 Nc5 11. h3 Bd7 12. Nd2 a5 13. b3 Ne8 14. a3 f5 15. f3 Nf6 16. b4 axb4 17.
axb4 Na6 18. Qb3 Nh5 19. c5 Nf4 20. Bf1 Bh6 21. c6 bxc6 22. Rxa6 Rxa6 23. Bxa6 Qg5 24. Bf1 Nxh3+ 25. Kh1 f4 26. dxc6+ Kg7 27. Ba7 Qh4 28.
gxh3 Qxe1 29. cxd7 Qxd2 30. Qe6 Bg5 31. Nd5 Qe1 32.
Kg2 Qg3+ 33. Kh1 Qxf3+ 34. Bg2 Qd1+ 35. Bg1 f3 36. Bf1 Qxf1 0-1

[Event "Late-Titled-Tuesday-Blitz-June-25-2024"]
[Site "Chess.com"]
[Date "2024.06.25"]
[Round "5"]
[White "konradrutkowski"]
[Black "KatakuriDono"]
[Result "1/2-1/2"]
[WhiteElo "2507"]
[BlackElo "2328"]
[TimeControl "180+1"]
[EndTime "14:52:10 PDT"]
[Termination "Game drawn by repetition"]

1. e4 e5 2. Nf3 Nc6 3. d4 exd4 4. Nxd4 Qf6 5. Be3 Bc5 6. c3 Qg6 7. Nd2 Nf6 8. Qf3 d6 9. Nxc6 Bxe3 10. Qxe3 bxc6 11.
Be2 O-O 12. O-O Re8 13. Bf3 Bg4 14. Bxg4 Nxg4 15. Qg3 Rab8 16. b3 Nf6 17. Qxg6 hxg6 18. Rfe1 d5 19. exd5 cxd5 20. Kf1 c5 21. f3 Rbd8 22.
Rxe8+ Rxe8 23. Re1 Kf8 24. Rxe8+ Kxe8 25. Ke2 Kd7 26.
Kd3 Kd6 27. a3 a5 28. g3 Nd7 29.
f4 Nf6 30. h3 Nh5 31. Nf1 Nf6 32. Nd2 Nh5 33. Nf1 Nf6 34. Nd2 1/2-1/2

[Event "Late-Titled-Tuesday-Blitz-June-25-2024"]
[Site "Chess.com"]
[Date "2024.06.25"]
[Round "5"]
[White "Piriflillo"]
[Black "Viktor_Poddubnyi"]
[Result "1-0"]
[WhiteElo "2520"]
[BlackElo "2328"]
[TimeControl "180+1"]
[EndTime "14:52:11 PDT"]
[Termination "Piriflillo won by resignation"]

1. Nf3 g6 2. g3 Bg7 3. Bg2 Nf6 4. O-O O-O 5. b3 Ne4 6. c3 c5 7. Qc2 d5 8. d3 Nd6 9. Bb2 Nc6 10. Nbd2 Bd7 11.
e4 e6 12. Rad1 Qa5 13. a3 Rac8 14. Qc1 Qa6 15. Qb1 Rfd8 16. Rfe1 dxe4 17. dxe4 b5 18.
e5 Nf5 19. Ne4 c4 20. Nc5 1-0

[Event "Late-Titled-Tuesday-Blitz-June-25-2024"]
[Site "Chess.com"]
[Date "2024.06.25"]
[Round "5"]
[White "Bryanl106"]
[Black "sammartin99"]
[Result "1-0"]
[WhiteElo "2736"]
[BlackElo "2507"]
[TimeControl "180+1"]
[EndTime "14:52:15 PDT"]
[Termination "Bryanl106 won by resignation"]

1. e4 c5 2. Nf3 Nc6 3. d4 cxd4 4. Nxd4 Nf6 5. Nc3 e5 6. Ndb5 d6 7. Bg5 a6 8. Na3 b5 9. Nd5 Be7 10. Bxf6 Bxf6 11. c3 Bg5 12. Nc2 O-O 13. a4 bxa4 14.
Ncb4 Nxb4 15. cxb4 Be6 16. Rxa4 f5 17. exf5 Rxf5 18.
Be2 e4 19. Nc3 Re5 20. O-O d5 21. f4 exf3 22. Bxf3 Rb8 23. Kh1 Be3 24. Rxa6 Bf7 25. b5 d4 26. Ne4 Rexb5 27. Nd6 Bb3 28. Qd3 R5b6 29. Qxb3+ Rxb3 30. Bd5+ Kh8 31. Nf7+ Kg8 32. Nxd8+ 1-0

[Event "Late-Titled-Tuesday-Blitz-June-25-2024"]
[Site "Chess.com"]
[Date "2024.06.25"]
[Round "5"]
[White "AEMEffi"]
[Black "Necromon"]
[Result "0-1"]
[WhiteElo "2338"]
[BlackElo "2561"]
[TimeControl "180+1"]
[EndTime "14:52:19 PDT"]
[Termination "Necromon won by resignation"]

1. d4 Nf6 2. c4 c5 3. d5 b5 4.
Nd2 d6 5. e4 g6 6. Ngf3 Bg7 7.
cxb5 a6 8. a4 O-O 9. bxa6 Qa5 10. Qc2 Nxa6 11. Bb5 Nb4 12. Qb1 Ba6 13. Nc4 Bxb5 14.
Nxa5 Bd3 15. Qxd3 Nxd3+ 16. Ke2 Nxc1+ 17. Rhxc1 Rxa5 18. Nd2 Rfa8 19. b3 Nxe4 20. Nxe4 Bxa1 21. Rxa1 c4 22. Nd2 cxb3 23. Nxb3 Rxa4 24. Rc1 Kg7 25. f3 Ra2+ 26. Nd2 R8a5 0-1

[Event "Late-Titled-Tuesday-Blitz-June-25-2024"]
[Site "Chess.com"]
[Date "2024.06.25"]
[Round "5"]
[White "Msb2"]
[Black "burbur555"]
[Result "1-0"]
[WhiteElo "3072"]
[BlackElo "2702"]
[TimeControl "180+1"]
[EndTime "14:52:24 PDT"]
[Termination "Msb2 won by resignation"]

1. d4 c6 2. c4 d5 3. Nf3 Nf6 4.
Nc3 a6 5. Qc2 b5 6. e4 dxc4 7. Be2 e6 8. O-O Be7 9. Rb1 h6 10. b3 b4 11. e5 Nfd7 12. Na4 c3 13. Qe4 a5 14. Qg4 Kf8 15. Ne1 Nb6 16. Nxb6 Qxb6 17. Be3 Qd8 18. f4 Na6 19. Nc2 Nc7 20.
Bd3 g6 21. Qf3 Nd5 22. g4 h5 23. h3 hxg4 24. hxg4 Nxe3 25. Qxe3 Ba6 26. Bxa6 Rxa6 27. f5 Qd5 28. Rf3 exf5 29. gxf5 gxf5 30. Qf4 c5 31. Kf2 Rh2+ 32. Qxh2 1-0

[Event "Late-Titled-Tuesday-Blitz-June-25-2024"]
[Site "Chess.com"]
[Date "2024.06.25"]
[Round "5"]
[White "LewAnatol"]
[Black "PNEPaul"]
[Result "1-0"]
[WhiteElo "2279"]
[BlackElo "1947"]
[TimeControl "180+1"]
[EndTime "14:52:30 PDT"]
[Termination "LewAnatol won by checkmate"]

1. e4 e5 2. Nf3 Nc6 3. Bb5 f5 4. d3 Nf6 5. Nc3 Be7 6. O-O O-O 7. Bc4+ Kh8 8. Ng5 Qe8 9. exf5 d6 10. Ne6 Bxe6 11.
Bxe6 Nd4 12. f4 Nxe6 13. fxe6 d5 14. f5 d4 15. Ne4 Nxe4 16. dxe4 Bf6 17. Qg4 Qe7 18.
Bd2 c5 19. b3 a5 20. a4 b6 21. Rf3 Rac8 22. c4 Rcd8 23. Rh3 Qe8 24. Rh5 g6 25. fxg6 Rg8 26. Rxh7# 1-0

[Event "Late-Titled-Tuesday-Blitz-June-25-2024"]
[Site "Chess.com"]
[Date "2024.06.25"]
[Round "5"]
[White "alexrustemov"]
[Black "Fore_Man"]
[Result "1-0"]
[WhiteElo "2822"]
[BlackElo "2215"]
[TimeControl "180+1"]
[EndTime "14:52:39 PDT"]
[Termination "alexrustemov won by resignation"]

1. d4 Nf6 2. c4 e6 3. Nf3 d5 4. cxd5 exd5 5. Nc3 c6 6. Bf4 Bd6 7. Bxd6 Qxd6 8. Qb3 Nbd7 9. e3 O-O 10. Bd3 Re8 11. Qc2 Nf8 12. h3 Qe7 13. O-O Ne4 14. Bxe4 dxe4 15.
Nd2 Bf5 16. f3 exf3 17. Qxf5 Qxe3+ 18. Rf2 fxg2 19. Qxf7+ Kh8 20. Qf4 Qd3 21. Kxg2 Ng6 22. Qg4 c5 23. d5 Rad8 24. Raf1 b5 25. Qg3 Qd4 26. Nf3 Qc4 27. Ng5 Kg8 28. Ne6 Rc8 29. Rf7 b4 30. Rxg7+ Kh8 31. Rff7 Nh4+ 32. Kh2 1-0

[Event "Late-Titled-Tuesday-Blitz-June-25-2024"]
[Site "Chess.com"]
[Date "2024.06.25"]
[Round "5"]
[White "ukchessbomber"]
[Black "machupichu10"]
[Result "0-1"]
[WhiteElo "2621"]
[BlackElo "2837"]
[TimeControl "180+1"]
[EndTime "14:52:50 PDT"]
[Termination "machupichu10 won by resignation"]

1. b4 g6 2. Bb2 Nf6 3. e3 Bg7 4. Nf3 O-O 5. d4 b6 6. Be2 Bb7 7. O-O c5 8. bxc5 bxc5 9. dxc5 Na6 10. c4 Nxc5 11. Nbd2 d6 12. Rc1 Rc8 13. Nb3 Nfd7 14. Bxg7 Kxg7 15. Qc2 Be4 16. Qb2+ Kg8 17. Rfd1 Rb8 18.
Qc3 Qc7 19. h4 Nf6 20. Ng5 Ba8 21. Nd4 a6 22. h5 e5 23. Nb3 h6 24. Nxc5 Qxc5 25.
Nh3 g5 26. Kf1 Rfc8 27. Rb1 Be4 28. Rb3 Bf5 29. Ng1 Ne4 30. Qb2 Rxb3 31. axb3 Qb4 32.
Bd3 Nc3 33. Bxf5 Nxd1 34. Qe2 Nc3 35. Qg4 Qxb3 36. g3 Qxc4+ 0-1

[Event "Late-Titled-Tuesday-Blitz-June-25-2024"]
[Site "Chess.com"]
[Date "2024.06.25"]
[Round "5"]
[White "bubeliang"]
[Black "Chaubunagungamaug1"]
[Result "1/2-1/2"]
[WhiteElo "2787"]
[BlackElo "2572"]
[TimeControl "180+1"]
[EndTime "14:52:50 PDT"]
[Termination "Game drawn by repetition"]

1. e4 c5 2. c3 d5 3. exd5 Qxd5 4. d4 Nc6 5. Nf3 Bf5 6. Be3 Nf6 7. Na3 cxd4 8. Nb5 Rc8 9. Nbxd4 Nxd4 10. Bxd4 Bd7 11.
Be2 a6 12. Ne5 e6 13. Bf3 Qd6 14. O-O Be7 15. Nxd7 Qxd7 16. Bxf6 Bxf6 17. Qxd7+ Kxd7 18. Bxb7 Rb8 19. Bxa6 Rxb2 20. c4 Kc7 21. a4 Bd4 22. g3 Rd8 23. Kg2 Bc5 24. Rab1 Rdd2 25. Rxb2 Rxb2 26. Bb5 Ra2 27. Kf3 f6 28. g4 g5 29. Kg3 Bd6+ 30. Kf3 Bc5 31. Kg3 Bd6+ 32. Kg2 Bc5 33. Be8 Kd8 34. Bb5 Kc7 35. Kg3 1/2-1/2

[Event "Late-Titled-Tuesday-Blitz-June-25-2024"]
[Site "Chess.com"]
[Date "2024.06.25"]
[Round "5"]
[White "Zurability"]
[Black "rdarruda"]
[Result "1-0"]
[WhiteElo "2769"]
[BlackElo "2551"]
[TimeControl "180+1"]
[EndTime "14:52:57 PDT"]
[Termination "Zurability won by checkmate"]

1. e4 c5 2. Nf3 Nc6 3. Bb5 g6 4.
Bxc6 bxc6 5. O-O Bg7 6. Re1 e5 7. c3 Ne7 8. d4 cxd4 9. cxd4 exd4 10. Nxd4 O-O 11. Nc3 Qb6 12. Nb3 d5 13. Bg5 f6 14.
exd5 Nxd5 15. Nxd5 cxd5 16. Qxd5+ Kh8 17. Qxa8 Bb7 18.
Be3 Qc6 19. Qxf8+ Bxf8 20. f3 a6 21. Rac1 Qb5 22. Bd4 Kg8 23. Bxf6 a5 24. Bc3 a4 25. Nd4 Qd5 26. a3 Bc5 27. Rcd1 Qc4 28. Kh1 h5 29. Ne6 Bb6 30. Rd7 Bd5 31. Rg7+ Kh8 32. Rxg6+ Kh7 33. Nf8# 1-0

[Event "Late-Titled-Tuesday-Blitz-June-25-2024"]
[Site "Chess.com"]
[Date "2024.06.25"]
[Round "5"]
[White "CM_rui"]
[Black "MyDream003"]
[Result "0-1"]
[WhiteElo "2559"]
[BlackElo "2782"]
[TimeControl "180+1"]
[EndTime "14:52:59 PDT"]
[Termination "MyDream003 won by checkmate"]

1. e4 c6 2. d4 d5 3. Nc3 dxe4 4. Nxe4 Nf6 5. Nxf6+ gxf6 6. c3 Bf5 7. Bf4 e6 8. g3 Bd6 9. Qd2 Qc7 10. Ne2 Nd7 11.
Bg2 Bg4 12. Bxd6 Qxd6 13. Qf4 Qxf4 14. Nxf4 Bf5 15. O-O-O h6 16. Rhe1 O-O-O 17. c4 Nb6 18. b3 Bg4 19. Rd2 Bf5 20. Nh5 Nd7 21. d5 cxd5 22. cxd5 e5 23. Red1 Kb8 24. d6 Bg6 25.
Bf3 Rc8+ 26. Kb2 Rc5 27. b4 Rc4 28. Kb3 Rhc8 29. Be2 Bc2+ 30. Rxc2 Rxc2 31. Bg4 R8c3+ 32. Ka4 Rxa2+ 33. Kb5 a6# 0-1

[Event "Late-Titled-Tuesday-Blitz-June-25-2024"]
[Site "Chess.com"]
[Date "2024.06.25"]
[Round "5"]
[White "rhungaski"]
[Black "sergiochess83"]
[Result "1-0"]
[WhiteElo "2638"]
[BlackElo "2822"]
[TimeControl "180+1"]
[EndTime "14:53:03 PDT"]
[Termination "rhungaski won by resignation"]

1. b3 d5 2. Bb2 c5 3. e3 Nf6 4.
Nf3 g6 5. Bb5+ Bd7 6. Bxf6 exf6 7. Bxd7+ Qxd7 8. O-O Nc6 9. d4 cxd4 10. Nxd4 Bd6 11. Nc3 Nxd4 12. exd4 Bxh2+ 13. Kh1 Bc7 14. Re1+ Kf8 15.
Qf3 Qd6 16. g3 Rd8 17. Nb5 Qc6 18. Nxc7 Qxc7 19. Qxf6 Rg8 20. Re6 g5 21. Rae1 Rg6 22.
Qh8+ Rg8 23. Qxh7 Rg7 24. Qh8+ Rg8 25. Re8+ Rxe8 26. Rxe8+ Kxe8 27. Qxg8+ Ke7 28. Qxg5+ Kf8 29. Qxd5 Qxc2 30. Qc5+ 1-0